 Dungeon Crawl Stone Soup version 0.31-a0-978-g1e143483b6 (webtiles) character file.

Game seed: 6078033765471104674

443 voltaire321 the Conjurer (level 6, -3/35 HPs)
             Began as a Deep Elf Conjurer on Oct 30, 2023.
             Slain by a black bear (5 damage)
             ... on level 5 of the Dungeon on Oct 31, 2023.
             The game lasted 00:15:59 (4941 turns).

voltaire321 the Conjurer (Deep Elf Conjurer)        Turns: 4941, Time: 00:16:00

Health: -3/35      AC:  5    Str: 12    XL:     6   Next: 71%
Magic:  4/14       EV: 13    Int: 29    God:
Gold:   348        SH:  0    Dex: 13    Spells: 4/14 levels left

rFire   . . .        y - +0 rapier
rCold   . . .        (no shield)
rNeg    . . .        a - +0 robe
rPois   .            q - +0 helmet
rElec   .            (no cloak)
rCorr   .            h - +1 pair of gloves
SInv    .            (no boots)
Will    .....        (no amulet)
Stlth   +++          l - +6 ring of strength
HPRegen 0.25/turn    n - +6 ring of intelligence
MPRegen 0.14/turn

%: no passive effects
@: no status effects
A: no striking features
a: no special abilities


You were on level 5 of the Dungeon.
You visited 2 branches of the dungeon, and saw 6 of its levels.
You also visited: Ossuary.

You collected 423 gold pieces.
You spent 75 gold pieces at shops.

Inventory:

Hand Weapons
 y - a +0 rapier (weapon)
Missiles
 k - 6 curare-tipped darts
 u - 2 throwing nets
Armour
 a - a +0 robe (worn)
 h - a +1 pair of gloves (worn)
 q - a +0 helmet (worn)
Jewellery
 l - a +6 ring of strength (left hand)
 n - a +6 ring of intelligence (right hand)
 G - a ring of willpower
Wands
 p - a wand of flame (15)
 w - a wand of charming (16)
Scrolls
 c - a scroll of fear {unknown}
 d - 2 scrolls of enchant armour
 e - a scroll of amnesia {unknown}
 f - a scroll of teleportation {unknown}
 i - 3 scrolls of revelation
 o - a scroll of blinking
 r - a scroll of torment {unknown}
 s - a scroll of fog {unknown}
 t - 2 scrolls of silence {unknown}
 B - a scroll of noise {unknown}
 F - a scroll of vulnerability {unknown}
 H - a scroll of butterflies {unknown}
Potions
 b - a potion of magic
 g - a potion of haste {unknown}
 j - 2 potions of degeneration {unknown}
 m - a potion of mutation {unknown}
 v - a potion of heal wounds {unknown}
 x - 2 potions of lignification {unknown}
 z - a potion of enlightenment {unknown}
 A - 3 potions of curing
 C - 2 potions of cancellation {unknown}
 D - a potion of brilliance {unknown}
 E - a potion of berserk rage {unknown}


   Skills:
 + Level 2.0 Fighting
 - Level 2.0 Armour
 + Level 4.0 Dodging
 + Level 4.2 Stealth
 + Level 4.5 Spellcasting
 + Level 5.2 Conjurations
 + Level 2.6 Hexes


You had 4 spell levels left.
You knew the following spells:

 Your Spells              Type           Power      Damage    Failure   Level
a - Magic Dart            Conj           100%       1d8       1%          1
b - Searing Ray           Conj           74%        2d7       1%          2
c - Dazzling Flash        Conj/Hex       58%        N/A       4%          3
d - Iskenderun's Mystic   Conj/Tloc      21%        2d6       22%         4

Your spell library contained the following spells:

 Spells                   Type           Power      Damage    Failure   Level
 Momentum Strike          Conj/Tloc      42%        3d9       3%          2
 Blink                    Tloc           12%        N/A       10%         2
 Lesser Beckoning         Tloc           12%        N/A       10%         2
 Fulminant Prism          Conj/Hex       14%        3d8       13%         4
 Summon Ice Beast         Ice/Summ       6%         N/A       54%         4
 Summon Mana Viper        Hex/Summ       14%        N/A       71%         5
 Monstrous Menagerie      Summ           3%         N/A       100%        7


Dungeon Overview and Level Annotations

Branches:
Dungeon (5/15)             Temple (1/1) D:4         Ossuary (visited)

Altars:
Ashenzari
Cheibriados
Dithmenos
Elyvilon
Fedhas
Kikubaaqudgha
Makhleb
Nemelex Xobeh
Ru
Sif Muna
Trog
Xom
Yredelemnul
Zin
The Shining One

Shops:
D:2 ***[!


Message History

The black bear is severely wounded.
The searing ray hits the iguana.
The iguana is lightly wounded.
The black bear bites you but does no damage.
The black bear claws you.
The black bear claws you but does no damage.
The searing ray misses the black bear.
The searing ray hits the iguana!
The iguana is severely wounded.
You finish channelling your searing ray.
The black bear barely misses you. x2; The black bear claws you.
Casting: Searing Ray (safe; 1% risk of failure)
Confirm with . or Enter, or press ? or * to list all spells.
Aiming: Searing Ray (safe; 1% risk of failure)
Press: ? - help, Shift-Dir - straight line, f/p - black bear
Aim: a black bear (severely wounded, 86% to hit)
The searing ray hits the black bear.
The black bear is severely wounded.
The searing ray hits the iguana!
You kill the iguana! (Press . to maintain the ray.)
The black bear goes berserk!
Training target 2.0 for Armour reached!
Your Fighting skill increases to level 2!
Your Armour skill increases to level 2!
The searing ray hits the black bear.
The black bear is severely wounded.
The black bear barely misses you. The black bear closely misses you.
The black bear claws you but does no damage.
The black bear bites you. The black bear claws you.
The black bear claws you but does no damage.
The searing ray misses the black bear.
The black bear bites you! The black bear completely misses you.
The black bear closely misses you.
The searing ray hits the black bear.
The black bear is almost dead.
You finish channelling your searing ray.
The black bear closely misses you. The black bear barely misses you.
The black bear claws you. The black bear bites you!
* * * LOW HITPOINT WARNING * * *
The black bear barely misses you. The black bear claws you.
You die...

# # ### **** #
#.## ### *,,*
####..#######.#
**,,*
..##..........#
*,,,**
#.............##
**,,.,**
#...###....###.###
**,...,,** ##..#
#...##
##..###....#*,,**
#..# #..##
##@h.......**,,***
##.## ##..*
##....##..***,,,*
...# ##.#*
#...##**,,**,,,*
≈≈.#* *#.** #...#*
**,,,,,,* .≈..*
**,** *#....#*
**,,,,,* .§..*
**,***..##..#*
**,,,*** .§§.**
**,,,.##*#..#*
**,,*,, ,§§.,*
**,,,#*
*#..***,,,,,,
,,,,,* ****,,,,**
###)......$..


You could see a black bear (berserk).

Vanquished Creatures
  A black bear (D:4)
  An orc priest (D:4)
  An iguana (D:5)
  An orc wizard (D:4)
  9 mummies
  Robin (D:2)
  2 adders
  2 worms (D:2)
  2 dart slugs (D:1)
  12 orcs
  7 ball pythons
  9 endoplasms
  4 giant cockroaches
  14 goblins
  7 hobgoblins
  7 jackals
  3 quokkas
  5 bats
  3 frilled lizards (D:1)
  2 hobgoblin zombies (Ossuary)
  5 kobolds
  2 kobold zombies (Ossuary)
  4 orc zombies (Ossuary)
  4 rats
108 creatures vanquished.

Notes
Turn   | Place    | Note
-------+----------+-------------------------------------------
     0 | D:1      | voltaire321 the Deep Elf Conjurer began the quest for the
                  | Orb.
     0 | D:1      | Reached XP level 1. HP: 10/10 MP: 6/6
   119 | D:1      | Reached XP level 2. HP: 15/15 MP: 5/8
   382 | D:1      | Learned a level 2 spell: Searing Ray
   748 | D:1      | Reached XP level 3. HP: 20/20 MP: 7/9
  1168 | D:2      | Learned a level 3 spell: Dazzling Flash
  1517 | D:2      | Found Xahuathi's General Store.
  1520 | D:2      | Reached skill level 1 in Armour
  1536 | D:2      | Bought a scroll of blinking for 75 gold pieces
  1560 | D:2      | Found Sugrafez's Assorted Antiques.
  1565 | D:2      | Noticed Robin
  1669 | D:2      | Killed Robin
  1670 | D:2      | Reached XP level 4. HP: 6/24 MP: 1/11
  1944 | D:2      | Found Puweynul's General Store.
  1999 | D:2      | Found Ynosilar's Distillery.
  2061 | D:2      | Reached skill level 1 in Hexes
  2109 | D:2      | Found Uzurie's Antique Armour Shoppe.
  2148 | D:2      | Reached skill level 1 in Fighting
  2709 | D:3      | Learned a level 4 spell: Iskenderun's Mystic Blast
  3000 | D:4      | Noticed a black bear
  3006 | D:4      | Killed a black bear
  3007 | D:4      | Reached XP level 5. HP: 29/29 MP: 4/13
  3182 | D:4      | Found a staircase to the Ecumenical Temple.
  3215 | Temple   | Entered the Ecumenical Temple
  3358 | D:4      | Reached skill level 5 in Conjurations
  3369 | D:4      | Reached XP level 6. HP: 17/34 MP: 4/14
  3851 | D:5      | Entered Level 5 of the Dungeon
  3942 | D:5      | Found a sand-covered staircase.
  3958 | Ossuary  | Entered an ossuary
  4886 | D:5      | Found a shimmering blue altar of Sif Muna.
  4941 | D:5      | Slain by a black bear

Illustrated notes

Levels and vault maps discovered:
D:1:      pf_arrival_petrified_forest, layout_rooms, minmay_misc_feat_encased,
          grunt_decor_junction
D:2:      layout_basic, serial_shops, shop, shop, shop, shop, shop, uniq_robin
D:3:      layout_basic, serial_bayou_lagoon_a, minmay_statues_item
D:4:      layout_loops_ring, minmay_temple_entry_wispy
D:5:      layout_layer_cave, mainiacjoe_overflow_brackets,
          gup_ossuary_entry_pyramid, chequers_serial_rivers_room_b
Temple:   nicolae_temple_bog_church

Skill      XL: |  1  2  3  4  5  6 |
---------------+-------------------+-----
Stealth        | 3 4 |  4.2
Dodging        | 3 4 |  4.0
Armour         | 1 2 |  2.0
Hexes          | 1 2 |  2.6
Fighting       | 1 2 |  2.0
Spellcasting   | 4 |  4.5
Conjurations   | 5 |  5.2

Action                     |  1- 3 |  4- 6 || total
---------------------------+-------+-------++-------
  Melee: Dagger            |     8 |     6 ||    14
         Rapier            |       |    27 ||    27
         Punch             |       |     1 ||     1
   Cast: Magic Dart        |    75 |    77 ||   152
         Searing Ray       |     7 |    21 ||    28
    Use: Potion            |       |     1 ||     1
         Scroll            |       |     2 ||     2
 Armour: Robe              |    14 |    40 ||    54
  Dodge: Dodged            |     9 |    43 ||    52

Table legend: (Time is in decaauts)
 A = Elapsed time spent in this place.
 B = Non-inter-level travel time spent in this place.
 C = Inter-level travel time spent in this place.
 D = Time resting spent in this place.
 E = Time spent auto-exploring this place.
 F = Levels seen in this place.
 G = Mean time per level.
                   A        B        C        D        E       F      G
               +--------+--------+--------+--------+--------+-----+--------+
         Total |   4950 |   4909 |     41 |   1093 |   2807 |   7 |  707.1 |
       Dungeon |   4293 |   4252 |     41 |    692 |   2717 |   5 |  858.6 |
        Temple |     40 |     40 |      0 |      0 |      0 |   1 |   40.0 |
       Ossuary |    616 |    616 |      0 |    401 |     90 |   1 |  616.0 |
               +--------+--------+--------+--------+--------+-----+--------+

Top non-repeatable levels by time:
     D:2: 1311 daAuts
     D:1: 962 daAuts
     D:4: 949 daAuts
 Ossuary: 616 daAuts
     D:3: 591 daAuts
     D:5: 478 daAuts
  Temple: 40 daAuts
